[Event "RUS-ch U21 2019"]
[Site "Loo"]
[Date "2019.04.21"]
[Round "2.1"]
[White "Murzin, Volodar"]
[Black "Khanin, Semen"]
[Result "0-1"]
[ECO "C50"]
[WhiteElo "2407"]
[BlackElo "2524"]
[Annotator "ChessBase"]
[PlyCount "120"]
[EventDate "2019.04.20"]
[EventType "tourn"]
[EventCountry "RUS"]
[SourceTitle "playchess.com"]
[Source "ChessBase"]
[SourceQuality "1"]
[TimeControl "40/5400+30:1800+30"]

1. e4 e5 2. Nf3 Nc6 3. Bc4 Bc5 4. O-O Nf6 5. d3 d6 6. c3 a6 7. a4 Ba7 8. Re1 O-O 9. h3 Ne7 10. d4 Ng6 11. Nbd2 h6 12. Bf1 Re8 13. Qc2 Nh7 14. dxe5 dxe5 15. Nc4 Qf6 16. Ne3 Nf4 17. Nf5 g6 18. Bxf4 exf4 19. N5d4 Ng5 20. e5 Nxf3+ 21. Nxf3 Qc6 22. Bd3 Kg7 23. Be4 Qc5 24. b4 Qe7 25. Rad1 c6 26. b5 cxb5 27. axb5 axb5 28. Qb2 Bc5 29. Bd5 Ra6 30. Qxb5 Rb6 31. Qc4 Rb2 32. Rd2 Rxd2 33. Nxd2 Rd8 34. Nb3 b5 35. Qe4 Bf5 36. Qf3 Bb6 37. Nd4 Bxd4 38. cxd4 Qb4 39. Rd1 Bc2 40. Rf1 Qxd4 41. Ba2 Qxe5 42. Qb7 Qf5 43. Re1 Rd1 44. Rxd1 Bxd1 45. Qa7 Be2 46. f3 Qf6 47. Kh2 Bc4 48. Bxc4 bxc4 49. Qc5 Qc3 50. Qd5 g5 51. h4 g4 52. fxg4 Qg3+ 53. Kh1 Qxh4+ 54. Kg1 c3 55. Qe5+ Qf6 56. Qc5 f3 57. gxf3 Qxf3 58. Kh2 Qe2+ 59. Kg3 Qd3+ 60. Kh4 c2 0-1

[Event "RUS-ch U21 2019"]
[Site "Loo"]
[Date "2019.04.21"]
[Round "2.2"]
[White "Yeletsky, Ivan"]
[Black "Galaktionov, Artem"]
[Result "1-0"]
[ECO "B12"]
[WhiteElo "2409"]
[BlackElo "2332"]
[Annotator "NA"]
[PlyCount "59"]
[EventDate "2019.04.20"]
[EventType "tourn"]
[EventCountry "RUS"]
[SourceTitle "playchess.com"]
[Source "ChessBase"]
[SourceQuality "1"]
[TimeControl "40/5400+30:1800+30"]

1. e4 c6 2. d4 d5 3. e5 Bf5 4. Nf3 e6 5. Be2 Ne7 6. O-O Nd7 7. Nbd2 Bg6 8. Nb3 Nf5 9. Bd2 Be7 10. Rc1 O-O 11. g4 Nh4 12. Nxh4 Bxh4 13. f4 f5 14. g5 h6 15. gxh6 gxh6 16. Ba5 Qe8 17. Rf3 Kh7 18. Rh3 Be7 19. Kh1 Bf7 20. Nd2 Rg8 21. Nf3 Rg4 22. Ng5+ Bxg5 23. fxg5 Rxg5 24. Bd2 Rg6 25. Bh5 Rg7 26. Bxh6 Bxh5 27. Bxg7 Kxg7 28. Rxh5 Nf8 29. Rg5+ Kf7 30. Qh5+ 1-0

[Event "RUS-ch U21 2019"]
[Site "Loo"]
[Date "2019.04.21"]
[Round "2.3"]
[White "Triapishko, Alexandr"]
[Black "Drygalov, Sergey"]
[Result "1/2-1/2"]
[ECO "A22"]
[WhiteElo "2506"]
[BlackElo "2485"]
[Annotator "RC"]
[PlyCount "130"]
[EventDate "2019.04.20"]
[EventType "tourn"]
[EventCountry "RUS"]
[SourceTitle "playchess.com"]
[Source "ChessBase"]
[SourceQuality "1"]
[TimeControl "40/5400+30:1800+30"]

1. c4 e5 2. Nc3 Nf6 3. g3 Bb4 4. Bg2 O-O 5. Nf3 Nc6 6. O-O d6 7. d3 h6 8. Na4 Bc5 9. b3 Qe7 10. Bb2 a5 11. e3 Ba7 12. Nc3 Bf5 13. a3 Qd7 14. d4 exd4 15. Nd5 Nxd5 16. cxd5 Ne5 17. Bxd4 Bg4 18. Bxa7 Bxf3 19. Bxf3 Rxa7 20. Bg2 c5 21. dxc6 bxc6 22. Rc1 d5 23. Qd4 Re8 24. Rc5 Qe7 25. Qc3 Rb8 26. e4 Nd7 27. Rxc6 dxe4 28. Rc8+ Rxc8 29. Qxc8+ Nf8 30. a4 e3 31. fxe3 Qxe3+ 32. Kh1 Qxb3 33. Qc5 Qb8 34. Rc1 Ne6 35. Qb5 Qd8 36. Bb7 Qe7 37. Bd5 Nf8 38. Rf1 Qd6 39. Qc4 Ne6 40. Qc8+ Kh7 41. Rd1 g6 42. Qc3 Ng7 43. Bf3 Qb6 44. Qd4 Qa6 45. Qd6 Qc8 46. Qb6 Qc3 47. Bb7 Qc2 48. Rf1 Rxb7 49. Qxb7 Qxa4 50. Qxf7 Qd4 51. Qf4 Qd5+ 52. Qf3 Qe5 53. Kg2 h5 54. Qf4 Qd5+ 55. Qf3 Qe5 56. Rf2 Nf5 57. Re2 Qb5 58. Rc2 Qe5 59. Re2 Qb5 60. Re6 Qb2+ 61. Qe2 Qc3 62. Re4 Qc6 63. Kh3 Qd7 64. Kg2 Qc6 65. Qf3 a4 1/2-1/2

[Event "RUS-ch U21 2019"]
[Site "Loo"]
[Date "2019.04.21"]
[Round "2.4"]
[White "Drygalov, Andrey"]
[Black "Ofitserian, Boris"]
[Result "1-0"]
[ECO "B90"]
[WhiteElo "2481"]
[BlackElo "2409"]
[Annotator "ChessBase"]
[PlyCount "107"]
[EventDate "2019.04.20"]
[EventType "tourn"]
[EventCountry "RUS"]
[SourceTitle "playchess.com"]
[Source "ChessBase"]
[SourceQuality "1"]
[TimeControl "40/5400+30:1800+30"]

1. e4 c5 2. Nf3 d6 3. d4 cxd4 4. Nxd4 Nf6 5. Nc3 a6 6. Be3 e5 7. Nb3 Be6 8. f3 Be7 9. Qd2 O-O 10. O-O-O a5 11. a4 Nc6 12. g4 Nb4 13. Kb1 Rc8 14. g5 Nh5 15. Rg1 g6 16. Bb5 f5 17. gxf6 Nxf6 18. Bg5 Qc7 19. Rg2 Rfd8 20. Bxf6 Bxf6 21. Nd5 Nxd5 22. exd5 Bh3 23. Rg3 Bf5 24. Bd3 Bxd3 25. Qxd3 e4 26. Qxe4 Re8 27. Qd3 Re3 28. Qd2 Rce8 29. Qxa5 Qg7 30. c3 Qd7 31. Ka2 Be5 32. Rg2 Rxf3 33. Qb5 Qf7 34. Nd4 Bxd4 35. Rxd4 Rfe3 36. Rgd2 Re1 37. Qb6 Qd7 38. Rb4 Ra8 39. Rdd4 Re7 40. Rdc4 Ra6 41. Qb5 Qf5 42. Rd4 Ra8 43. h4 Rf8 44. Qd3 Qf2 45. Re4 Ref7 46. Qe2 Qc5 47. Rb5 Qc7 48. Re8 Rxe8 49. Qxe8+ Kg7 50. Qe4 Rf5 51. Qb4 Kh6 52. Rxb7 Qd8 53. Qd4 Qg8 54. c4 1-0

[Event "RUS-ch U21 2019"]
[Site "Loo"]
[Date "2019.04.21"]
[Round "2.5"]
[White "Pogosyan, Stefan"]
[Black "Gaifullin, Artur"]
[Result "0-1"]
[ECO "D37"]
[WhiteElo "2344"]
[BlackElo "2453"]
[Annotator "ChessBase"]
[PlyCount "92"]
[EventDate "2019.04.20"]
[EventType "tourn"]
[EventCountry "RUS"]
[SourceTitle "playchess.com"]
[Source "ChessBase"]
[SourceQuality "1"]
[TimeControl "40/5400+30:1800+30"]

1. d4 Nf6 2. c4 e6 3. Nf3 d5 4. Nc3 dxc4 5. e4 Bb4 6. Bg5 c5 7. Bxc4 cxd4 8. Nxd4 Bxc3+ 9. bxc3 Qa5 10. Bb5+ Nbd7 11. Bxf6 Qxc3+ 12. Kf1 gxf6 13. Rc1 Qb4 14. h4 a6 15. Rc4 Qd6 16. Qc2 O-O 17. Bxd7 Bxd7 18. Rh3 b5 19. Rcc3 e5 20. Nf5 Bxf5 21. exf5 Rfd8 22. h5 Qd1+ 23. Qxd1 Rxd1+ 24. Ke2 Rad8 25. h6 R1d2+ 26. Ke3 Kf8 27. Rg3 b4 28. Rc6 R8d3+ 29. Ke4 Rxg3 30. fxg3 Rxa2 31. Rxf6 Ra5 32. Kd3 b3 33. Kc3 Rb5 34. Kb2 a5 35. g4 e4 36. g5 Ke7 37. g4 e3 38. Rc6 a4 39. Rc1 a3+ 40. Kxa3 b2 41. Rb1 Kf8 42. Ka2 e2 43. g6 fxg6 44. fxg6 hxg6 45. h7 Kg7 46. Rh1 b1=Q+ 0-1

[Event "RUS-ch U21 2019"]
[Site "Loo"]
[Date "2019.04.22"]
[Round "3.1"]
[White "Gaifullin, Artur"]
[Black "Murzin, Volodar"]
[Result "1/2-1/2"]
[ECO "D02"]
[WhiteElo "2453"]
[BlackElo "2407"]
[Annotator "ChessBase"]
[PlyCount "151"]
[EventDate "2019.04.20"]
[EventType "tourn"]
[EventCountry "RUS"]
[SourceTitle "playchess.com"]
[Source "ChessBase"]
[SourceQuality "1"]
[TimeControl "40/5400+30:1800+30"]

1. Nf3 d5 2. d4 Nf6 3. Bf4 c5 4. e3 Nc6 5. Nbd2 cxd4 6. exd4 Bg4 7. c3 a6 8. h3 Bxf3 9. Nxf3 e6 10. Qb3 Na5 11. Qc2 Bd6 12. Ne5 O-O 13. Bd3 h6 14. O-O Rc8 15. Rae1 Nc6 16. Qd2 Bxe5 17. dxe5 Ne4 18. Qe3 Ne7 19. Bxe4 dxe4 20. Qxe4 Qd5 21. Qxd5 Nxd5 22. Re4 b5 23. Rd1 Rc6 24. Rdd4 Rfc8 25. Bd2 Nb6 26. g4 Rc4 27. f4 b4 28. f5 Rxd4 29. Rxd4 bxc3 30. Bxc3 Nd5 31. Be1 Rc2 32. Rd2 Rc1 33. Kf2 g5 34. fxg6 fxg6 35. h4 g5 36. hxg5 hxg5 37. b3 Kf7 38. Rb2 Kg6 39. Bd2 Rh1 40. Kg2 Rd1 41. Rc2 Nb6 42. Be3 Nd5 43. Bd2 Nb6 44. Ba5 Nd5 45. Rc6 Nf4+ 46. Kf3 Rf1+ 47. Ke4 Rg1 48. Rxa6 Rxg4 49. Bd2 Nd5+ 50. Kf3 Rd4 51. Ke2 Kf5 52. Ra8 g4 53. a4 Nf4+ 54. Bxf4 Kxf4 55. a5 Re4+ 56. Kf1 Rxe5 57. b4 Rb5 58. a6 Rxb4 59. Rf8+ Kg3 60. a7 Rb1+ 61. Ke2 Rb2+ 62. Ke3 Rb3+ 63. Ke4 Rb4+ 64. Ke5 Rb5+ 65. Kxe6 Ra5 66. a8=Q Rxa8 67. Rxa8 Kf4 68. Ra4+ Kf3 69. Kf5 g3 70. Ra3+ Kf2 71. Kf4 g2 72. Ra2+ Kg1 73. Ra8 Kf2 74. Ra2+ Kg1 75. Kg3 Kh1 76. Rxg2 1/2-1/2

[Event "RUS-ch U21 2019"]
[Site "Loo"]
[Date "2019.04.22"]
[Round "3.4"]
[White "Galaktionov, Artem"]
[Black "Triapishko, Alexandr"]
[Result "0-1"]
[ECO "D38"]
[WhiteElo "2332"]
[BlackElo "2506"]
[Annotator "RC"]
[PlyCount "116"]
[EventDate "2019.04.20"]
[EventType "tourn"]
[EventCountry "RUS"]
[SourceTitle "playchess.com"]
[Source "ChessBase"]
[SourceQuality "1"]
[TimeControl "40/5400+30:1800+30"]

1. d4 Nf6 2. Nf3 e6 3. c4 d5 4. Nc3 Bb4 5. cxd5 exd5 6. Bg5 Bf5 7. Qa4+ Nc6 8. Ne5 Qd6 9. Bf4 O-O 10. e3 Nxe5 11. Bxe5 Qb6 12. Qb3 Ne4 13. Bd3 Nxc3 14. bxc3 Bxd3 15. Qxb4 Qg6 16. Rg1 a5 17. Qb2 a4 18. a3 Ra5 19. f3 Rb5 20. Qd2 c6 21. Kf2 Bc4 22. g4 Qd3 23. Qxd3 Rb2+ 24. Kg3 Bxd3 25. Rgd1 Bc4 26. Bf4 Rb3 27. Rdc1 Re8 28. h4 f6 29. Kf2 Kf7 30. Rcb1 h6 31. h5 Bd3 32. Rc1 b6 33. Ra2 c5 34. Ke1 cxd4 35. cxd4 Bc4 36. Kf2 b5 37. Raa1 Re6 38. Re1 b4 39. e4 bxa3 40. Bc1 a2 41. Rxa2 Rxf3+ 42. Kxf3 Bxa2 43. e5 Rb6 44. Re3 fxe5 45. Rxe5 Bc4 46. Ba3 Rb3+ 47. Re3 Bd3 48. Bd6 a3 49. Re7+ Kg8 50. Ra7 a2 51. Kf4 Rb6 52. Rxa2 Rxd6 53. g5 hxg5+ 54. Kxg5 Rf6 55. Ra8+ Kh7 56. Ra7 Rf5+ 57. Kg4 Kh6 58. Ra8 Rg5+ 0-1

[Event "RUS-ch U21 2019"]
[Site "Loo"]
[Date "2019.04.22"]
[Round "3.5"]
[White "Khanin, Semen"]
[Black "Yeletsky, Ivan"]
[Result "1-0"]
[ECO "B90"]
[WhiteElo "2524"]
[BlackElo "2409"]
[Annotator "ChessBase"]
[PlyCount "133"]
[EventDate "2019.04.20"]
[EventType "tourn"]
[EventCountry "RUS"]
[SourceTitle "playchess.com"]
[Source "ChessBase"]
[SourceQuality "1"]
[TimeControl "40/5400+30:1800+30"]

1. e4 c5 2. Nf3 d6 3. d4 cxd4 4. Nxd4 Nf6 5. Nc3 a6 6. f3 e5 7. Nb3 Be6 8. Be3 Be7 9. Qd2 O-O 10. O-O-O Nbd7 11. g4 b5 12. g5 Nh5 13. Kb1 Nb6 14. Na5 Rc8 15. Nd5 Nxd5 16. exd5 Bxd5 17. Qxd5 Qxa5 18. c4 Nf4 19. Bxf4 exf4 20. h4 Qc7 21. Rc1 Qa7 22. Bd3 bxc4 23. Rxc4 Rxc4 24. Bxc4 Qa8 25. Qd3 a5 26. g6 hxg6 27. h5 d5 28. Bxd5 Rd8 29. Rd1 Qxd5 30. Qxd5 Rxd5 31. Rxd5 gxh5 32. Rxh5 g5 33. Kc2 Kg7 34. Kd3 f5 35. Ke2 Bf6 36. b3 Kg6 37. Rh1 g4 38. Rd1 Be7 39. Rd4 Kg5 40. Rd5 Bb4 41. a3 Bxa3 42. Rxa5 Bd6 43. Ra6 Be7 44. Kf2 Bf8 45. Kg2 Bc5 46. Rc6 Be7 47. Rc4 Bd6 48. b4 Kf6 49. b5 Ke6 50. b6 Kd7 51. Rc2 Be5 52. b7 Bc7 53. Rc4 Kd6 54. fxg4 fxg4 55. Rxf4 Kc6 56. Rb4 Bb8 57. Rb1 Kc5 58. Rb2 Kc6 59. Rb4 g3 60. Rb3 Kc5 61. Rxg3 Kc6 62. Rb3 Kc7 63. Kf3 Kc6 64. Ke4 Kc7 65. Kd5 Kd7 66. Rc3 Bc7 67. Rc2 1-0

[Event "RUS-ch U21 2019"]
[Site "Loo"]
[Date "2019.04.23"]
[Round "4.2"]
[White "Triapishko, Alexandr"]
[Black "Khanin, Semen"]
[Result "1/2-1/2"]
[ECO "A05"]
[WhiteElo "2506"]
[BlackElo "2524"]
[Annotator "RC"]
[PlyCount "83"]
[EventDate "2019.04.20"]
[EventType "tourn"]
[EventCountry "RUS"]
[SourceTitle "playchess.com"]
[Source "ChessBase"]
[SourceQuality "1"]
[TimeControl "40/5400+30:1800+30"]

1. Nf3 Nf6 2. g3 g6 3. b3 Bg7 4. Bb2 d6 5. d4 b5 6. Bg2 Bb7 7. O-O O-O 8. Qd3 a6 9. c4 bxc4 10. bxc4 Nbd7 11. Nbd2 Rb8 12. Rab1 Re8 13. Bc3 Qc8 14. Bh3 Qd8 15. e4 e5 16. d5 Nc5 17. Qe3 c6 18. Bb4 cxd5 19. cxd5 Bc8 20. Bxc8 Rxc8 21. Rfc1 Nfd7 22. Nc4 Qe7 23. Nfd2 Qf8 24. Rc2 Bh6 25. Qe2 f5 26. f3 Rb8 27. Rcb2 Qf6 28. Bxc5 Rxb2 29. Rxb2 Nxc5 30. Rb6 Bxd2 31. Rxd6 Qf8 32. Qxd2 fxe4 33. Qe3 exf3 34. Qxc5 Rc8 35. Qb6 Rxc4 36. Rf6 Qa3 37. Qe6+ Kg7 38. Qf7+ Kh6 39. Rxf3 Qc5+ 40. Kg2 Rd4 41. Kh3 Qxd5 42. Qf8+ 1/2-1/2

[Event "RUS-ch U21 2019"]
[Site "Loo"]
[Date "2019.04.23"]
[Round "4.4"]
[White "Pogosyan, Stefan"]
[Black "Drygalov, Sergey"]
[Result "0-1"]
[ECO "E46"]
[WhiteElo "2344"]
[BlackElo "2485"]
[Annotator "ChessBase"]
[PlyCount "104"]
[EventDate "2019.04.20"]
[EventType "tourn"]
[EventCountry "RUS"]
[SourceTitle "playchess.com"]
[Source "ChessBase"]
[SourceQuality "1"]
[TimeControl "40/5400+30:1800+30"]

1. d4 Nf6 2. c4 e6 3. Nc3 Bb4 4. e3 O-O 5. Nge2 d5 6. a3 Be7 7. cxd5 exd5 8. Nf4 c6 9. Bd3 a5 10. O-O Na6 11. f3 Nc7 12. Bc2 c5 13. Bb3 cxd4 14. exd4 b6 15. Re1 Bb7 16. Be3 Bd6 17. Qd2 b5 18. Nd3 Nd7 19. Nc5 Bc6 20. Bg5 Qc8 21. Qf2 h6 22. Bh4 Rb8 23. Rac1 b4 24. axb4 Rxb4 25. Ba2 Nxc5 26. dxc5 Bf4 27. Rcd1 Qb8 28. Re2 Re8 29. Be7 Ne6 30. Bd6 Bxd6 31. cxd6 d4 32. Bxe6 dxc3 33. bxc3 Rb1 34. Rxb1 Qxb1+ 35. Re1 Qd3 36. Bb3 Rxe1+ 37. Qxe1 Qxd6 38. Qd1 Qc5+ 39. Qd4 Qxd4+ 40. cxd4 a4 41. Ba2 Kf8 42. Kf2 Ke7 43. d5 Bb5 44. Ke3 Kd6 45. Kd4 Bf1 46. g3 Be2 47. f4 Bd1 48. Kc3 Bb3 49. Bxb3 axb3 50. Kxb3 Kxd5 51. Kb4 f5 52. Kb5 Ke4 0-1

[Event "RUS-ch U21 2019"]
[Site "Loo"]
[Date "2019.04.27"]
[Round "8.1"]
[White "Murzin, Volodar"]
[Black "Drygalov, Andrey"]
[Result "1/2-1/2"]
[ECO "C84"]
[WhiteElo "2407"]
[BlackElo "2481"]
[Annotator "ChessBase"]
[PlyCount "73"]
[EventDate "2019.04.20"]
[EventType "tourn"]
[EventCountry "RUS"]
[SourceTitle "playchess.com"]
[Source "ChessBase"]
[SourceQuality "1"]
[TimeControl "40/5400+30:1800+30"]

1. e4 e5 2. Nf3 Nc6 3. Bb5 a6 4. Ba4 Nf6 5. O-O Be7 6. d3 b5 7. Bb3 d6 8. a3 O-O 9. Nc3 Na5 10. Ba2 Be6 11. Nd5 c5 12. Be3 Nc6 13. c3 Bxd5 14. Bxd5 Nxd5 15. exd5 Nb8 16. b4 Nd7 17. bxc5 dxc5 18. c4 Rb8 19. Qc2 Qb6 20. a4 b4 21. a5 Qg6 22. Nd2 f5 23. f4 Bd6 24. Nb3 Rbc8 25. Rac1 Nf6 26. fxe5 Bxe5 27. Bf4 Bxf4 28. Rxf4 Qh6 29. Qd2 Ng4 30. h3 Ne5 31. Rcf1 Qg6 32. Qe2 Rfe8 33. Qd1 Rf8 34. Qa1 Rfe8 35. Qd1 Rf8 36. Qa1 Rfe8 37. Qd1 1/2-1/2

[Event "RUS-ch U21 2019"]
[Site "Loo"]
[Date "2019.04.27"]
[Round "8.3"]
[White "Gaifullin, Artur"]
[Black "Yeletsky, Ivan"]
[Result "0-1"]
[ECO "A05"]
[WhiteElo "2453"]
[BlackElo "2409"]
[Annotator "ChessBase"]
[PlyCount "112"]
[EventDate "2019.04.20"]
[EventType "tourn"]
[EventCountry "RUS"]
[SourceTitle "playchess.com"]
[Source "ChessBase"]
[SourceQuality "1"]
[TimeControl "40/5400+30:1800+30"]

1. Nf3 Nf6 2. e3 g6 3. b4 d6 4. d4 Bg7 5. Bb2 O-O 6. c4 c5 7. dxc5 dxc5 8. Qxd8 Rxd8 9. b5 Bf5 10. Nbd2 Nbd7 11. Be2 Ne4 12. Bxg7 Kxg7 13. g4 Nxd2 14. Nxd2 Be6 15. f4 Nf6 16. Rg1 Kf8 17. e4 Rd4 18. f5 Rad8 19. fxe6 Rxd2 20. Rf1 Rb2 21. Rd1 Rxd1+ 22. Bxd1 Ke8 23. e5 Ne4 24. b6 Rxa2 25. h4 fxe6 26. bxa7 Rxa7 27. Rf4 Nc3 28. Bc2 Ra2 29. Rf2 Kd7 30. g5 b5 31. cxb5 Nxb5 32. Bd3 Ra1+ 33. Kd2 Nd4 34. Rf7 Rh1 35. Rxh7 Nf3+ 36. Ke3 Nxe5 37. Bb5+ Kd6 38. Rh8 c4 39. Ba4 Rh3+ 40. Kf4 Nd3+ 41. Ke4 Nc5+ 42. Kd4 Nxa4 43. Kxc4 Ke5 44. Rh7 Nb6+ 45. Kc5 Nd5 46. Kc6 Ne3 47. Rh6 Kf5 48. Kd7 Nd5 49. Rh7 Kg4 50. Kxe6 Rxh4 51. Rf7 Nf4+ 52. Ke5 Kxg5 53. Rxe7 Rh1 54. Ra7 Kg4 55. Rg7 Re1+ 56. Kd4 Ne6+ 0-1

[Event "RUS-ch U21 2019"]
[Site "Loo"]
[Date "2019.04.27"]
[Round "8.5"]
[White "Drygalov, Sergey"]
[Black "Galaktionov, Artem"]
[Result "1-0"]
[ECO "A04"]
[WhiteElo "2485"]
[BlackElo "2332"]
[Annotator "ChessBase"]
[PlyCount "63"]
[EventDate "2019.04.20"]
[EventType "tourn"]
[EventCountry "RUS"]
[SourceTitle "playchess.com"]
[Source "ChessBase"]
[SourceQuality "1"]
[TimeControl "40/5400+30:1800+30"]

1. Nf3 b5 2. e4 Bb7 3. e5 a6 4. c4 bxc4 5. Bxc4 e6 6. d4 d5 7. Bb3 c5 8. O-O Nc6 9. Ba4 Qb6 10. Nbd2 Qa7 11. Nb3 c4 12. Na5 Rc8 13. b3 c3 14. Qd3 Kd8 15. Nxb7+ Qxb7 16. Bg5+ f6 17. exf6 gxf6 18. Bf4 Ba3 19. Qxc3 Nge7 20. Qe3 Qd7 21. Rfe1 Ng6 22. Bg3 Re8 23. h4 h5 24. Qd3 Nge7 25. Qxa6 Bd6 26. Bxd6 Qxd6 27. Rac1 Rg8 28. Rc3 Qb4 29. Rec1 Qa5 30. Qe2 Kd7 31. Bxc6+ Nxc6 32. Rxc6 1-0